 Dungeon Crawl Stone Soup version 0.20-a0-785-g17250f0 (webtiles) character file.

14 nono the Chucker (level 2, 0/15 HPs)
             Began as a Vine Stalker Hunter on Feb 27, 2017.
             Slain by an adder (2 damage)
             ... on level 2 of the Dungeon.
             The game lasted 00:02:46 (482 turns).

nono the Chucker (Vine Stalker Hunter)               Turns: 482, Time: 00:02:47

Health: 0/15       AC:  3    Str: 14    XL:     2   Next: 45%
Magic:  0/3        EV: 11    Int: 11    God:
Gold:   61         SH:  0    Dex: 14    Spells: 1/1 levels left

rFire    . . .     SeeInvis .   a - +0 short sword
rCold    . . .     Gourm    .   b - +0 leather armour
rNeg     . . .     Faith    .   (no shield)
rPois    .         Spirit   +   (no helmet)
rElec    .         Reflect  .   (no cloak)
rCorr    .         Harm     .   (no gloves)
MR       .....                  (no boots)
Stlth    +.........             (no amulet)
Regen    0.1/turn               (no ring)
MPRegen  0.1/turn               (no ring)

@: lethally poisoned (0 -> -9), heavily drained
A: fangs 2, magic shield, antimagic bite, no potion heal 3, rot immunity
a: no special abilities


You were on level 2 of the Dungeon.
You were not hungry.

You visited 1 branch of the dungeon, and saw 2 of its levels.

You collected 61 gold pieces.

Inventory:

Hand Weapons
 a - a +0 short sword (weapon)
Missiles
 c - 4 javelins (quivered)
 h - 3 tomahawks
Armour
 b - a +0 leather armour (worn)
Jewellery
 i - an uncursed amulet of harm
 l - an uncursed ring of fire
Scrolls
 e - a scroll of identify {unknown}
Potions
 g - a potion of mutation {unknown}
 j - a potion of ambrosia {unknown}
 k - a potion of flight {unknown}
Comestibles
 f - a bread ration
 m - a royal jelly


   Skills:
 - Level 1.7(0.3) Fighting
 + Level 4.2(2.6) Throwing
 - Level 1.5(0.1) Dodging
 - Level 1.2(0.0) Stealth


You had one spell level left.
You didn't know any spells.

Dungeon Overview and Level Annotations

Branches:
Dungeon (2/15)

Altars:

Annotations:
D:2 Terence


Innate Abilities, Weirdness & Mutations

You have extremely sharp teeth.
When hurt, damage is shared between your health and your magic reserves.
Your bite disrupts and absorbs the magic of your enemies.
Potions cannot restore your health.
You are immune to rotting.


Message History

Unknown command.
Throwing (i - inventory. (,) - cycle):
c - 6 javelins (quivered)
Press: ? - help, Shift-Dir - straight line, f/p - Terence
Aim: Terence, wielding a falchion of protection and wearing a chain mail (severely wounded)
You throw a javelin.
The javelin hits Terence but does no damage.
Terence is severely wounded.
* * * LOW HITPOINT WARNING * * *
You feel sick. Terence barely misses you. Terence completely misses you.
* * * LOW HITPOINT WARNING * * *
You feel sick. The adder closely misses you.
* * * LOW HITPOINT WARNING * * *
You feel sick.
Throwing (i - inventory. (,) - cycle):
c - 5 javelins (quivered)
Press: ? - help, Shift-Dir - straight line, f - adder
Aim: an adder You throw a javelin.
The javelin hits the adder.
The adder is moderately wounded.
The adder bites you but does no damage. The adder bites you.
You die...

....#. #.#.#.####
########....#. #.#...#
#...........#.##.##..#
#.........# #........#
#.........# ####.###.#
#. #.........# #(#...#
##... #.....%...#
#.#.### .....
#....(@S..# #.#.#
....> #....#+#@##
#.#.# ..... #....
#.#######.#.# ####.
#.... #.........#.#
#.... ###########.#
#.... #....# #.# #....
#.##.######.# #....
#.##........#
#.###########
#.......#


You could see Terence and an adder.

Vanquished Creatures
  3 bats (D:1)
  2 giant cockroaches (D:1)
  2 goblins (D:1)
  A hobgoblin (D:1)
  A ball python (D:1)
  2 frilled lizards (D:1)
  A kobold (D:2)
  2 rats (D:1)
14 creatures vanquished.

Notes
Turn   | Place    | Note
-------+----------+-------------------------------------------
     0 | D:1      | nono the Vine Stalker Hunter began the quest for the Orb.
     0 | D:1      | Reached XP level 1. HP: 11/11 MP: 2/2
   158 | D:1      | Reached skill level 4 in Throwing
   158 | D:1      | Reached XP level 2. HP: 14/15 MP: 3/3
   464 | D:2      | Noticed Terence
   482 | D:2      | Slain by an adder

Vault maps used:
D:1:      dpeg_arrival_tiny_d, serial_bayou_pond_d, lemuel_old_faithful
D:2:      nicolae_overflow_hidden_temple, minmay_overflow_temple_star_hex,
          uniq_terence

Skill      XL: |  1 |
---------------+----+-----
Throwing       | 4 |  4.2
Fighting       | |  1.7
Dodging        | |  1.5
Stealth        | |  1.2

Action                   || total
-------------------------++-------
Melee: Short sword       ||    44
       Bite              ||    13
Throw: Javelin           ||     4
       Throwing net      ||     2
Armor: Leather armour    ||    19
Dodge: Dodged            ||    24
